 Dungeon Crawl Stone Soup version 0.31.0-12-g77e489cdc1 (webtiles) character file.

Game seed: 17364815966958895395

10313 hawla the Carver (level 11, -8/97 HPs)
             Began as a Minotaur Fighter on Feb 19, 2024.
             Was a Believer of Yredelemnul.
             Incinerated by a deep elf pyromancer (10 damage)
             ... with a pyre arrow
             ... in a bailey.
             The game lasted 00:18:56 (10020 turns).

hawla the Carver (Minotaur Fighter)                Turns: 10020, Time: 00:18:57

Health: -8/97      AC: 24    Str: 20    XL:     11   Next: 34%
Magic:  10/10      EV:  6    Int:  7    God:    Yredelemnul [**....]
Gold:   604        SH:  8    Dex: 17    Spells: 10/10 levels left

rFire   . . .        H - +8 trident "Akaeff" {flame, rElec Dex+4}
rCold   . . .        B - +3 buckler
rNeg    . . .        c - +0 plate armour
rPois   .            (helmet restricted)
rElec   +            l - +0 cloak
rCorr   .            L - +0 pair of gloves
SInv    +            A - +0 pair of boots
Will    .....        (no amulet) Stlth
                     e - ring of see invisible
HPRegen 0.36/turn    m - +4 ring of protection
MPRegen 0.12/turn

%: no passive effects
@: on fire, weak-willed, glowing
A: horns 2, retaliatory headbutt
a: Renounce Religion, Recall Undead Harvest, Dark Bargain


You were in a bailey.
You worshipped Yredelemnul.
Yredelemnul was noncommittal.
You visited 2 branches of the dungeon, and saw 11 of its levels.
You also visited: Bailey.

You collected 676 gold pieces.
You spent 72 gold pieces at shops.

Inventory:

Hand Weapons
 v - a +5 heavy long sword
 H - the +8 trident "Akaeff" (weapon) {flame, rElec Dex+4}
   (You found it on level 6 of the Dungeon)

   Dex+4:     It affects your dexterity (+4).
   rElec:     It insulates you from electricity.
Missiles
 u - 5 throwing nets (quivered)
 F - 23 poisoned darts
 G - a curare-tipped dart
Armour
 c - a +0 plate armour (worn)
 l - a +0 cloak (worn)
 A - a +0 pair of boots (worn)
 B - a +3 buckler (worn)
 L - a +0 pair of gloves (worn)
Jewellery
 a - a ring of willpower
 e - a ring of see invisible (left hand)
 m - a +4 ring of protection (right hand)
 n - a +6 ring of intelligence
 K - an amulet of regeneration
Wands
 r - a wand of flame (54)
 y - a wand of charming (12)
 I - a wand of iceblast (4)
Scrolls
 f - 5 scrolls of fear
 j - 2 scrolls of teleportation
 q - 6 scrolls of revelation
 x - 3 scrolls of butterflies
 C - a scroll of silence
Potions
 b - 4 potions of enlightenment
 d - 2 potions of might
 h - a potion of cancellation
 i - a potion of curing
 o - 2 potions of attraction {unknown}
 s - a potion of heal wounds {unknown}
 t - 3 potions of brilliance {unknown}
 w - a potion of berserk rage {unknown}
 D - a potion of mutation {unknown}
 E - 2 potions of degeneration {unknown}


   Skills:
 - Level 9.0 Fighting
 - Level 14.0 Long Blades
 + Level 3.7 Polearms
 - Level 6.0 Throwing
 - Level 12.1 Armour
 - Level 3.6 Shields


You had 10 spell levels left.
You didn't know any spells.
Your spell library was empty.

Dungeon Overview and Level Annotations

Branches:
Dungeon (10/15)            Temple (1/1) D:5            Lair (0/5) D:8
    Orc (0/2) D:9          Bailey (1/1)

Altars:
Ashenzari
Cheibriados
Dithmenos
Elyvilon
Fedhas
Gozag
Hepliaklqana
Kikubaaqudgha
Makhleb
Nemelex Xobeh
Okawaru
Qazlal
Ru
Sif Muna
Trog
Uskayaw
Vehumet
Wu Jian
Xom
Yredelemnul
Zin
The Shining One

Shops:
D:6 :(   D:8 (*


Innate Abilities, Weirdness & Mutations

You have a pair of horns on your head.
You reflexively headbutt those who attack you in melee.


Message History

The deep elf pyromancer casts a spell at you.
The pyre arrow hits you.
You are even more covered in intense liquid fire!
There is a large open translucent door here.
Aiming: Iceblast
Press: ? - help, Shift-Dir - straight line, f/p - deep elf pyromancer
Aim: a deep elf pyromancer, wielding a +0 long sword and wearing a +0 chain mail (lightly wounded, weak-willed, ally target)
The mass of ice explodes!
The iceblast engulfs the deep elf pyromancer but does no damage.
The deep elf pyromancer is lightly wounded.
The liquid fire burns you!
Unknown command.
You shake off some of the fire as you move.
The liquid fire burns you!
Aiming: Iceblast
Press: ? - help, Shift-Dir - straight line, f/p - deep elf pyromancer
Aim: a deep elf pyromancer, wielding a +0 long sword and wearing a +0 chain mail (lightly wounded, weak-willed, ally target)
The mass of ice explodes!
The iceblast engulfs the deep elf pyromancer!
The deep elf pyromancer is moderately wounded.
The iceblast engulfs your orc warrior zombie!
Your orc warrior zombie partially resists.
Your orc warrior zombie is severely damaged.
The liquid fire burns you!
* * * LOW HITPOINT WARNING * * *
The deep elf pyromancer gestures at you while chanting.
The bolt of fire hits you!!
* * * LOW HITPOINT WARNING * * *
You feel better. The liquid fire burns you!
* * * LOW HITPOINT WARNING * * *
Your orc warrior zombie hits the deep elf pyromancer but does no damage.
The deep elf pyromancer hits your orc zombie with a +0 long sword!
Your orc zombie is destroyed!
Blink to where?
Press: ? - help, Dir - move target, p - deep elf pyromancer
As you read the scroll of blinking, it crumbles to dust.
The liquid fire burns you!
You die...
Your body rises from the dead as a mindless zombie.

#).#....[[#.Z#ZZ.
#..Z§.##$[#.Z'ZZ.
#..Z.Z##[$#..'...
#).#.Ze.!?#..#...
#.8##...!##8.#...
#..########..#...
##............##.♣
#..............#..
#@.##########..#..
#### ####.. #....
##..♣ ####


You could see a friendly spectral orc knight and a friendly orc zombie.

Vanquished Creatures
  Harold (D:10)
  3 death yaks (D:8)
  An orc knight (Bailey)
  Maggie (D:7)
  A kobold demonologist (D:7)
  Jeremiah (D:7)
  2 trolls (D:9)
  2 hornets
  Grinder (D:3)
  A shadow (D:10)
  A wyvern (D:10)
  A steam dragon (D:6)
  Menkaure (D:4)
  An acid dragon (D:9)
  A water moccasin (D:5)
  An ice beast (D:5)
  4 orc warriors
  5 ogres
  8 centaurs
  5 phantoms
  5 kobold brigands
  A weeping skull (D:8)
  3 bullfrogs
  4 gnoll sergeants (D:9)
  A scorpion (D:6)
  10 wights
  3 killer bees (D:7)
  2 bombardier beetles (D:3)
  A howler monkey (D:4)
  4 hounds
  2 jellies (D:4)
  2 gnoll boudas (D:8)
  Crazy Yiuf (D:2)
  3 orc priests
  A sleepcap (D:4)
  Natasha (thrice) (D:2)
  An iguana (D:5)
  A hell rat (D:8)
  7 orc wizards
  20 gnolls
  8 adders
  A shadow imp (D:7)
  A white imp (D:6)
  2 dart slugs (D:3)
  A ribbon worm (D:2)
  45 orcs
  7 bats
  6 endoplasms
  3 giant cockroaches
  6 goblins
  6 hobgoblins
  2 jackals (D:1)
  A quokka (D:8)
  5 ball pythons
  3 frilled lizards
  16 kobolds
  4 rats
  A spectral orc (D:8)
235 creatures vanquished.

Vanquished Creatures (collateral kills)
  3 orc warriors
  7 orcs
  A quokka (D:8)
11 creatures vanquished.

Vanquished Creatures (others)
  A bullfrog zombie (D:9)
  A kobold zombie (D:9)
  3 gnoll zombies (D:9)
  5 orc zombies
10 creatures vanquished.

Grand Total: 256 creatures vanquished

Notes
Turn   | Place    | Note
-------+----------+-------------------------------------------
     0 | D:1      | hawla the Minotaur Fighter began the quest for the Orb.
     0 | D:1      | Reached XP level 1. HP: 19/19 MP: 0/0
   173 | D:1      | Reached XP level 2. HP: 28/28 MP: 1/1
   590 | D:2      | Found a faded altar of an unknown god.
   596 | D:2      | Reached skill level 5 in Fighting
   596 | D:2      | Reached XP level 3. HP: 36/36 MP: 2/2
   927 | D:2      | Found a runed translucent door.
   928 | D:2      | Noticed Crazy Yiuf
  1159 | D:2      | Noticed Natasha
  1165 | D:2      | Killed Natasha
  1166 | D:2      | Reached XP level 4. HP: 39/45 MP: 3/3
  1172 | D:2      | Noticed Natasha
  1179 | D:2      | Killed Natasha
  1262 | D:2      | Noticed Natasha
  1272 | D:2      | Killed Natasha
  1273 | D:2      | Reached XP level 5. HP: 38/52 MP: 4/4
  1354 | D:2      | Killed Crazy Yiuf
  1726 | D:3      | Reached XP level 6. HP: 57/61 MP: 5/5
  1870 | D:3      | Noticed Grinder
  1878 | D:3      | Killed Grinder
  1879 | D:3      | Reached skill level 4 in Long Blades
  1879 | D:3      | Reached XP level 7. HP: 51/70 MP: 6/6
  2272 | D:4      | Noticed Menkaure
  2279 | D:4      | Killed Menkaure
  2280 | D:4      | Reached skill level 5 in Long Blades
  2302 | D:4      | Reached skill level 6 in Long Blades
  2309 | D:4      | Reached skill level 7 in Long Blades
  2609 | D:4      | Found an iron altar of Okawaru.
  2614 | D:4      | Found a shadowy altar of Dithmenos.
  2615 | D:4      | Found a white marble altar of Elyvilon.
  3280 | D:4      | Found a stormy altar of Qazlal.
  3282 | D:4      | Found a bloodstained altar of Trog.
  3332 | D:5      | Entered Level 5 of the Dungeon
  3332 | D:5      | Noticed a hornet
  3336 | D:5      | Killed a hornet
  3337 | D:5      | Reached skill level 8 in Long Blades
  3337 | D:5      | Reached XP level 8. HP: 78/78 MP: 7/7
  3514 | D:5      | Reached skill level 9 in Long Blades
  3838 | D:5      | Reached skill level 10 in Long Blades
  3950 | D:5      | Found a staircase to the Ecumenical Temple.
  3983 | Temple   | Entered the Ecumenical Temple
  4155 | D:5      | Found a burning altar of Makhleb.
  4446 | D:6      | Reached skill level 11 in Long Blades
  4596 | D:6      | Identified the +8 trident "Akaeff" {flame, rElec Dex+4}
  4620 | D:6      | Found Sapudduh's Book Shop.
  4629 | D:6      | Reached XP level 9. HP: 83/83 MP: 8/8
  4712 | D:6      | Reached skill level 12 in Long Blades
  4809 | D:6      | Found a hide-covered altar of Uskayaw.
  5132 | D:6      | Found Qim Vom's Antique Weapon Shop.
  5158 | D:7      | Reached skill level 13 in Long Blades
  5356 | D:7      | Noticed Maggie
  5378 | D:7      | Killed Maggie
  5379 | D:7      | Reached skill level 14 in Long Blades
  5379 | D:7      | Reached skill level 1 in Throwing
  5583 | D:7      | Noticed Jeremiah
  5602 | D:7      | Killed Jeremiah
  5832 | D:7      | Noticed a kobold demonologist
  5837 | D:7      | Killed a kobold demonologist
  5838 | D:7      | Reached skill level 5 in Throwing
  5838 | D:7      | Reached XP level 10. HP: 89/91 MP: 9/9
  6513 | D:8      | Noticed a death yak
  6515 | D:8      | Found a staircase to the Lair.
  6516 | D:8      | Noticed a death yak
  6517 | D:8      | Noticed a death yak
  6709 | D:8      | Found a blossoming altar of Fedhas.
  6746 | D:8      | Found a basalt altar of Yredelemnul.
  6758 | D:8      | Became a worshipper of Yredelemnul the Dark
  6886 | D:8      | Found a shimmering blue altar of Sif Muna.
  7017 | D:8      | Killed a death yak
  7026 | D:8      | Killed a death yak
  7036 | D:8      | Killed a death yak
  7036 | D:8      | Reached * piety under Yredelemnul
  7288 | D:8      | Found Ymeef's CLEARANCE SALE!.
  7296 | D:8      | Bought a wand of iceblast (6) for 72 gold pieces
  7318 | D:8      | Found Ulleukic's Weapon Shop.
  7465 | D:8      | Reached ** piety under Yredelemnul
  7521 | D:8      | Reached *** piety under Yredelemnul
  7696 | D:8      | Found a glowing golden altar of the Shining One.
  8166 | D:9      | Reached skill level 10 in Armour
  8166 | D:9      | Found an ornate altar of the Wu Jian Council.
  8407 | D:9      | Found a staircase to the Orcish Mines.
  8773 | D:9      | Reached XP level 11. HP: 87/97 MP: 10/10
  9293 | D:9      | Reached **** piety under Yredelemnul
  9335 | D:10     | Entered Level 10 of the Dungeon
  9336 | D:10     | Noticed a two-headed ogre
  9358 | D:10     | Noticed Harold
  9370 | D:10     | Killed Harold
  9410 | D:10     | Found a flagged portal.
  9423 | Bailey   | Entered a bailey
  9620 | Bailey   | Reached skill level 1 in Polearms
  9626 | Bailey   | Noticed an orc knight
  9646 | Bailey   | Killed an orc knight
  9899 | Bailey   | Found a large runed translucent door.
  9899 | Bailey   | Found a large runed translucent door.
  9900 | Bailey   | Noticed a deep elf pyromancer
 10019 | Bailey   | HP: 2/97 [burnt (13)]
 10020 | Bailey   | Incinerated by a deep elf pyromancer

Illustrated notes

Levels and vault maps discovered:
D:1:      minmay_arrival_four_circles, layout_rooms
D:2:      layout_basic, nicolae_ecumenical_pavilion,
          wander_ebering_terrifying_dragon_lair, uniq_natasha,
          uniq_crazy_yiuf_cottage
D:3:      layout_loops_cross, uniq_grinder
D:4:      layout_basic, nicolae_overflow_hidden_temple, minmay_misc_feat_rows,
          hangedman_abyss_or_decor_passed, uniq_menkaure
D:5:      cheibrodos_quashed, layout_rooms, mainiacjoe_overflow_alcove_1,
          minmay_temple_entry_overgrown, minmay_holes, minmay_misc_feat_pillars
D:6:      layout_loops_ring, mainiacjoe_overflow_small_starburst, serial_shops,
          nicolae_shop_trees, nicolae_shop_tiny_glass
D:7:      layout_rooms, minmay_misc_feat_chi, uniq_maggie, uniq_jeremiah
D:8:      kennysheep_spiral_hall, layout_basic,
          yredelemnul_forgotten_temple_becter, general_overflow_altar,
          fedhas_altar_4, tgw_sif, dpeg_lair_monsters, serial_shops,
          kennysheep_little_box, nicolae_shop_clearance
D:9:      layout_basic, amcnicky_altar_gilded,
          kennysheep_orc_monster_closet_entryway
D:10:     layout_rooms, enter_bailey_2, uniq_harold, uniq_joseph
Temple:   dpeg_chambers_temple
Bailey:   bailey_polearm_elven_captive_hellmonk, bailey

Skill      XL: |  1  2  3  4  5  6  7  8  9 10 11 |
---------------+----------------------------------+-----
Fighting       | 4 5 6 7 8 9 |  9.0
Long Blades    | 4 8 11 14 | 14.0
Throwing       | 5 6 |  6.0
Armour         | 10 12 | 12.1
Polearms       | 3 |  3.7
Shields        | |  3.6

Action                     |  1- 3 |  4- 6 |  7- 9 | 10-12 || total
---------------------------+-------+-------+-------+-------++-------
  Melee: Long sword        |    69 |    85 |   248 |   198 ||   600
         Headbutt          |     5 |    23 |    44 |    38 ||   110
         Trident           |       |       |       |    30 ||    30
 Invoke: Recall Undead Har |       |       |       |     1 ||     1
  Evoke: Wand              |       |       |     3 |    11 ||    14
    Use: Scroll            |       |       |    13 |    13 ||    26
         Potion            |       |       |     2 |     4 ||     6
 Armour: Scale mail        |    14 |       |       |       ||    14
         Chain mail        |    31 |    61 |   130 |       ||   222
         Plate armour      |       |       |   122 |   229 ||   351
  Dodge: Dodged            |    42 |    23 |    76 |    72 ||   213
  Block: Buckler           |    18 |    24 |    60 |   119 ||   221
